 Dungeon Crawl Stone Soup version 0.30-a0-358-g0d69a1922f (webtiles) character file.

Game seed: 2029433470548257927

45 jlumianski the Trooper (level 3, 0/29 HPs)
             Began as a Demonspawn Fighter on Nov 9, 2022.
             Killed by nerve-wracking pain
             ... invoked by Jessica
              (8 damage)
             ... on level 2 of the Dungeon.
             The game lasted 00:03:32 (712 turns).

jlumianski the Trooper (Demonspawn Fighter)          Turns: 712, Time: 00:03:33

Health: 0/29       AC:  9    Str: 18    XL:     3   Next: 42%
Magic:  0/3        EV:  9    Int:  9    God:
Gold:   113        SH:  4    Dex: 12    Spells: 2/2 levels left

rFire   . . .      SeeInvis +    a - +0 war axe
rCold   . . .      Faith    .    c - +0 buckler
rNeg    . . .      Spirit   +    b - +0 scale mail
rPois   .          Reflect  .    (helmet restricted)
rElec   .          Harm     .    n - +0 cloak
rCorr   .          Rampage  .    h - +0 pair of gloves
Will    .....                    (no boots)
Stlth   ..........               j - amulet of guardian spirit
HPRegen 0.24/turn                p - ring of see invisible
MPRegen 0.08/turn                (no ring)

@: no status effects
A: horns 1
a: no special abilities


You were on level 2 of the Dungeon.
You visited 1 branch of the dungeon, and saw 2 of its levels.

You collected 113 gold pieces.

Inventory:

Hand Weapons
 a - a +0 war axe (weapon)
Armour
 b - a +0 scale mail (worn)
 c - a +0 buckler (worn)
 h - a +0 pair of gloves (worn)
 m - the +2 robe "Fulun" {rF- rC+ rN+ Str+2}
   (You found it on level 2 of the Dungeon)

   Str:       It affects your strength (+2).
   rF:        It makes you vulnerable to fire.
   rC:        It protects you from cold.
   rN:        It protects you from negative energy.
 n - a +0 cloak (worn)
Jewellery
 j - an amulet of guardian spirit (around neck)
 p - a ring of see invisible (left hand)
Scrolls
 e - 3 scrolls of immolation {unknown}
 g - a scroll of poison {unknown}
 i - a scroll of teleportation {unknown}
 k - 2 scrolls of identify {unknown}
 l - a scroll of silence {unknown}
Potions
 d - a potion of might
 f - 2 potions of mutation {unknown}
 o - a potion of brilliance


   Skills:
 + Level 3.3 Fighting
 + Level 2.5 Axes
 + Level 3.1 Armour
 + Level 3.0 Shields


You had 2 spell levels left.
You didn't know any spells.
Your spell library contained the following spells:

 Spells                   Type           Power      Damage    Failure   Level
 Cigotuvi's Dreadful Rot  Necr/Pois/Air  0%         N/A       94%         2
 Dispel Undead            Necr           0%         3d6       100%        4
 Death Channel            Necr           0%         N/A       100%        6


Dungeon Overview and Level Annotations

Branches:
Dungeon (2/15)

Altars:

Shops:
D:1 :

Annotations:
D:2 Jessica


Innate Abilities, Weirdness & Mutations

You have a pair of small horns on your head.


Message History

You hit the quokka.
The quokka is moderately wounded.
The quokka bites you but does no damage.
Jessica drinks a potion.
Jessica's spells are empowered!
You slash the quokka!
You kill the quokka!
Jessica mumbles some strange words.
Jessica seems to speed up.
Okay, then.
Jessica gestures at you while chanting. Pain shoots through your body!
Jessica points at you and mumbles some strange words.
Pain shoots through your body!
An endoplasm comes into view.
The endoplasm quivers.
Jessica casts a spell.
Jessica blinks!
Jessica points at you and mumbles some strange words.
You barely resist.
Found a thick jade amulet.
Jessica hits you but does no damage.
You closely miss Jessica. You headbutt Jessica.
Jessica is lightly wounded.
You block Jessica's attack. Jessica hits you but does no damage.
The endoplasm freezes you.
You are frozen.
You closely miss Jessica.
Jessica is lightly wounded.
You hit the endoplasm. Jessica barely misses you. The endoplasm hits you.
* * * LOW HITPOINT WARNING * * *
Jessica hits you but does no damage.
You barely miss Jessica. You headbutt Jessica, but do no damage.
Jessica is lightly wounded.
You hit the endoplasm.
You kill the endoplasm!
Jessica hits you but does no damage. x2
You hit Jessica.
Jessica is moderately wounded.
Jessica casts a spell at you. Pain shoots through your body!
You die...

....###.....†......#
..#..###...........#
..##.###.#....(....##
..#
.....#..........### ..
###...>...[.......#.
..
####.................
#.
.......<..............
#.
................(.....
............@@........
.......#..#...........
.......#............
..#......##....>....
#)..##.#.#..........
###. #.##.#.#.....#" .
.# ##......... #.
..#.......


You could see Jessica (fast, empowered).

Vanquished Creatures
  2 adders (D:2)
  2 ball pythons (D:1)
  4 bats
  5 endoplasms
  A giant cockroach (D:1)
  A goblin (D:1)
  2 hobgoblins
  A quokka (D:2)
  4 kobolds
  4 rats
26 creatures vanquished.

Notes
Turn   | Place    | Note
-------+----------+-------------------------------------------
     0 | D:1      | jlumianski the Demonspawn Fighter began the quest for the
                  | Orb.
     0 | D:1      | Reached XP level 1. HP: 18/18 MP: 1/1
   228 | D:1      | Gained mutation: You have a pair of small horns on your
                  | head. [demonic ancestry]
   228 | D:1      | Reached XP level 2. HP: 22/24 MP: 2/2
   300 | D:2      | Noticed Jessica
   315 | D:1      | Found Siogiusm's Book Emporium.
   546 | D:2      | Reached XP level 3. HP: 29/29 MP: 3/3
   573 | D:2      | Identified the +2 robe "Fulun" {rF- rC+ rN+ Str+2}
   712 | D:2      | Killed from afar by Jessica

Illustrated notes

Levels and vault maps discovered:
D:1:      beargit_arrival_diablo_church, layout_basic, serial_shops, shop_coins
D:2:      layout_rooms, minmay_tromino_v7, uniq_natasha, uniq_jessica

Skill      XL: |  1  2  3 |
---------------+----------+-----
Armour         | 3 |  3.1
Axes           | 2 |  2.5
Shields        | 3 |  3.0
Fighting       | |  3.3

Action                   || total
-------------------------++-------
Melee: War axe           ||    58
       Headbutt          ||     3
Armor: Scale mail        ||    32
Dodge: Dodged            ||    22
Block: Buckler           ||    12

Table legend: (Time is in decaauts)
 A = Elapsed time spent in this place.
 B = Non-inter-level travel time spent in this place.
 C = Inter-level travel time spent in this place.
 D = Time resting spent in this place.
 E = Time spent auto-exploring this place.
 F = Levels seen in this place.
 G = Mean time per level.
                   A        B        C        D        E       F      G
               +--------+--------+--------+--------+--------+-----+--------+
         Total |    736 |    736 |      0 |      0 |    332 |   2 |  368.0 |
       Dungeon |    736 |    736 |      0 |      0 |    332 |   2 |  368.0 |
               +--------+--------+--------+--------+--------+-----+--------+

Top non-repeatable levels by time:
     D:1: 524 daAuts
     D:2: 212 daAuts
